 Dungeon Crawl Stone Soup version 0.30-a0-242-g7bf8e6d787 (webtiles) character file.

Game seed: 16465179084977628588

363296 Flugkiller the Lord of Darkness (level 21, -4/174 HPs)
             Began as a Deep Elf Necromancer on Oct 10, 2022.
             Was the Champion of Kikubaaqudgha.
             Slain by a spriggan defender
             ... wielding a +4 lajatang of pain
              (6 damage)
             ... on level 1 of the Depths on Oct 11, 2022.
             The game lasted 01:39:37 (37623 turns).

Flugkiller the Lord of Darkness (DENe)             Turns: 37623, Time: 01:39:37

Health: -4/174     AC: 32    Str:  7      XL:     21   Next: 53%
Magic:  9/44       EV: 20    Int: 40 (41) God:    Kikubaaqudgha [******]
Gold:   5515       SH:  8    Dex: 18 (19) Spells: 4/54 levels left

rFire   + + .      SeeInvis +    R - +7 falchion "Coderouf" {freeze, rF++ rC+++ Will- Int+2}
rCold   + + +      Faith    .    Z - +2 buckler {rC+}
rNeg    + . .      Spirit   .    (body armour currently unavailable)
rPois   ∞          Reflect  .    E - +0 hat "Mynkyise" {-Tele Int+7}
rElec   +          Harm     .    M - +2 cloak {rPois}
rCorr   .          Rampage  .    (gloves currently unavailable)
Will    ++...      NoTele   +    (boots currently unavailable)
Stlth   ++........               U - amulet "Taph" {RegenMP Will+}
HPRegen 0.49/turn                i - ring of see invisible
MPRegen 0.69/turn                e - +6 ring of intelligence

@: statue-form, hasted, studying Poison Magic
A: slow and powerful, torment resistance 1, boosted hp, cold resistance 1,
deterioration 1
}: 2/15 runes: decaying, gossamer
a: End Transformation, Renounce Religion, Unearth Wretches, Torment


You were on level 1 of the Depths.
You worshipped Kikubaaqudgha.
Kikubaaqudgha was exalted by your worship.
You were a living statue of rough stone.
You visited 7 branches of the dungeon, and saw 35 of its levels.
You also visited: Bailey and Ice Cave.

You collected 6141 gold pieces.
You spent 626 gold pieces at shops.

Inventory:

Hand Weapons
 l - the +7 falchion of Equilibrium {pain, rPois}
   (You bought it in a shop on level 10 of the Dungeon)

   In the hands of one skilled in necromantic magic, it inflicts extra damage on
   living creatures.
   rPois:     It protects you from poison.
 R - the +7 falchion "Coderouf" (weapon) {freeze, rF++ rC+++ Will- Int+2}
   (You found it on level 5 of the Lair of Beasts)

   It freezes those it strikes, dealing additional cold damage.
   It can also slow down cold-blooded creatures.
   Int:       It affects your intelligence (+2).
   rF:        It greatly protects you from fire.
   rC:        It renders you almost immune to cold.
   Will:      It decreases your willpower.
Armour
 z - a +2 pair of gloves (melded)
   (You found it on level 1 of the Lair of Beasts)
 E - the +0 hat "Mynkyise" (worn) {-Tele Int+7}
   (You acquired it on level 3 of the Swamp)

   Int:       It affects your intelligence (+7).
   -Tele:     It prevents most forms of teleportation.
 H - a +2 pair of boots of rampaging (melded)
   (You found it on level 5 of the Dungeon)
 M - a +2 cloak of poison resistance (worn)
   (You took it off Crazy Yiuf on level 7 of the Dungeon)
 T - a +0 troll leather armour (melded)
   (You found it on level 4 of the Vaults)
 Z - a +2 buckler of cold resistance (worn)
   (You found it in an ice cave)
Magical Staves
 v - a staff of death
   (You acquired it on level 3 of the Lair of Beasts)
Jewellery
 e - a +6 ring of intelligence (right fist)
   (You found it on level 4 of the Lair of Beasts)
 f - a ring of protection from fire
   (You found it on level 2 of the Orcish Mines)
 i - a ring of see invisible (left fist)
   (You found it on level 6 of the Dungeon)
 m - a ring of willpower
   (You found it on level 4 of the Lair of Beasts)
 o - a +6 ring of intelligence
   (You found it on level 3 of the Swamp)
 y - a +6 ring of dexterity
   (You took it off Nergalle on level 12 of the Dungeon)
 B - the ring "Wokinod" {rPois rF+ Will+}
   (You took it off an ironbound convoker on level 2 of the Vaults)

   [ring of poison resistance]

   rF:        It protects you from fire.
   rPois:     It protects you from poison.
   Will:      It increases your willpower.
 U - the amulet "Taph" (around neck) {RegenMP Will+}
   (You found it on level 14 of the Dungeon)

   [amulet of magic regeneration]

   It increases your rate of magic regeneration.
   Will:      It increases your willpower.
Wands
 x - a wand of digging (7)
   (You took it off Ijyb on level 3 of the Dungeon)
 J - a wand of iceblast (36)
   (You found it on level 9 of the Dungeon)
 K - a wand of charming (17) (quivered)
   (You found it on level 5 of the Lair of Beasts)
 N - a wand of mindburst (40)
   (You found it on level 12 of the Dungeon)
 P - a wand of quicksilver (19)
   (You found it on level 10 of the Dungeon)
Scrolls
 j - 6 scrolls of poison
 k - 7 scrolls of enchant armour
 p - a scroll of summoning
 t - 9 scrolls of teleportation
 A - 7 scrolls of amnesia
 C - 3 scrolls of fog
 D - 19 scrolls of vulnerability
 I - a scroll of magic mapping
 V - 6 scrolls of immolation
 Y - a scroll of silence
Potions
 b - 4 potions of magic
 d - 12 potions of might
 h - 5 potions of haste
 n - 2 potions of resistance
 q - 16 potions of curing
 r - 14 potions of attraction
 s - 8 potions of flight
 G - 2 potions of berserk rage
 L - 9 potions of ambrosia
 Q - 5 potions of invisibility
 S - a potion of cancellation
 W - 5 potions of mutation
 X - a potion of brilliance
Miscellaneous
 a - a phial of floods
   (You found it on level 11 of the Dungeon)
 c - a lightning rod (4/4)
   (You found it on level 5 of the Lair of Beasts)
 F - a tin of tremorstones (inert)
   (You found it in a bailey)
 O - a condenser vane
   (You found it on level 12 of the Dungeon)


   Skills:
 - Level 15.0 Fighting
 - Level 0.5 Long Blades
 - Level 5.0 Armour
 - Level 13.0 Dodging
 - Level 3.0 Stealth
 - Level 5.0 Shields
 - Level 17.0 Spellcasting
 - Level 13.0 Conjurations
 - Level 17.0 Summonings
 + Level 21.8 Necromancy
 - Level 8.0 Transmutations
 - Level 9.0 Earth Magic
 - Level 10.0 Evocations


You had 4 spell levels left.
You knew the following spells:

 Your Spells              Type           Power      Damage    Failure   Level
a - Statue Form           Tmut/Erth      53%        N/A       4%          6
b - Vampiric Draining     Necr           100%       2d13      0%          3
c - Animate Dead          Necr           100%       N/A       0%          4
d - Dispel Undead         Necr           100%       3d31      0%          4
e - Infestation           Necr           59%        N/A       1%          8
f - Death Channel         Necr           59%        N/A       1%          6
g - Borgnjor's Vile Clut  Necr/Erth      51%        N/A       1%          5
h - Haunt                 Necr/Summ      56%        N/A       1%          7
i - Spellforged Servitor  Conj/Summ      50%        N/A       1%          7

Your spell library contained the following spells:

 Spells                   Type           Power      Damage    Failure   Level
 Kiss of Death            Conj/Necr      100%       2d13      0%          1
 Necrotise                Necr           100%       1d9       0%          1
 Foxfire                  Conj/Fire      100%       2x1d9     1%          1
 Sandblast                Erth           100%       2d20      1%          1
 Slow                     Hex            100%       N/A       1%          1
 Sting                    Tmut/Pois      100%       1d8       1%          1
 Cigotuvi's Dreadful Rot  Necr/Pois/Air  100%       N/A       1%          2
 Ensorcelled Hibernation  Hex/Ice        68%        N/A       1%          2
 Dazzling Flash           Conj/Hex       100%       N/A       1%          3
 Ignite Poison            Fire/Tmut/Pois 53%        N/A       1%          3
 Spider Form              Tmut/Pois      60%        N/A       1%          3
 Anguish                  Hex/Necr       44%        N/A       1%          4
 Flame Wave               Conj/Fire      72%        2d16      1%          4
 Iskenderun's Mystic Bla  Conj/Tloc      72%        2d15      1%          4
 Confusing Touch          Hex            34%        N/A       3%          3
 Gell's Gravitas          Tloc           34%        N/A       3%          3
 Inner Flame              Hex/Fire       34%        N/A       3%          3
 Kindle Blastsparks       Fire/Tloc/Air  68%        2d15      3%          3
 Lesser Beckoning         Tloc           68%        N/A       3%          3
 Teleport Other           Tloc           34%        N/A       3%          3
 Cause Fear               Hex            17%        N/A       11%         4
 Agony                    Necr           100%       N/A       0%          5
 Fireball                 Conj/Fire      36%        3d15      1%          5
 Iskenderun's Battlesphe  Conj           95%        2d14      1%          5
 Lightning Bolt           Conj/Air       36%        1d54      1%          5
 Iron Shot                Conj/Erth      44%        9d9       1%          6
 Simulacrum               Ice/Necr       44%        N/A       1%          6
 Borgnjor's Revivificati  Necr           59%        N/A       1%          8
 Orb of Destruction       Conj           47%        9d12      4%          7
 Freezing Cloud           Conj/Ice/Air   31%        6-21      5%          5
 Alistair's Intoxication  Tmut/Pois      40%        N/A       6%          5
 Yara's Violent Unravell  Hex/Tmut       30%        3d13      6%          5
 Summon Horrible Things   Summ           53%        N/A       7%          8
 Conjure Ball Lightning   Conj/Air       36%        3x3d12    12%         6
 Starburst                Conj/Fire      36%        6d11      12%         6
 Death's Door             Necr           59%        N/A       14%         9
 Necromutation            Tmut/Necr      50%        N/A       16%         8
 Malign Gateway           Summ/Tloc      40%        N/A       28%         7
 Silence                  Hex/Air        17%        N/A       30%         5
 Dragon Form              Tmut           39%        N/A       34%         7
 Dragon's Call            Summ           53%        N/A       71%         9
 Enfeeble                 Hex            17%        N/A       100%        7
 Discord                  Hex            17%        N/A       100%        8


Dungeon Overview and Level Annotations

Branches:
Dungeon (15/15) Zot: 25415  Temple (0/1) D:7            Lair (5/5) D:8 Zot: 24553
  Swamp (4/4) Lair:2 Zot: 20597  Spider (4/4) Lair:2 Zot: 19780   Slime (0/5) Lair:5
    Orc (2/2) D:10 Zot: 10374     Elf (0/3) Orc:2        Vaults (4/5) D:14 Zot: 17612
  Crypt (0/3) Vaults:2     Depths (1/4) D:15 Zot: 5928  Bailey (visited)
  IceCv (visited)

Altars:
Cheibriados
Elyvilon
Fedhas
Kikubaaqudgha
Nemelex Xobeh
Okawaru
Trog
Uskayaw
Vehumet
Wu Jian
Xom

Shops:
D:10 (   D:14 *   D:15 (   Orc:2 [=:!   Vaults:3 *

Portals:
Hell: Depths:1

Annotations:
D:7 2 transporters, exclusion: door, Tenar's ghost, novice FoFi
Vaults:4 exclusion: orange crystal statue


Innate Abilities, Weirdness & Mutations

You are a living statue of rough stone.
Your actions are slow, but your melee attacks are powerful.
You are resistant to unholy torment.
Your maximum health is greatly increased.
You are immune to poison.
Your equipment is partially melded.
Your flesh is cold resistant. (rC+)
Your body sometimes deteriorates upon taking damage.


Message History

The zombie hands constrict the floating eye!
A death scarab bursts from the frost giant!
The frost giant closely misses you.
The fire giant hits you with a +1 great sword of flaming.
* * * LOW HITPOINT WARNING * * *
The spriggan defender hits you with a +4 lajatang of pain!
* * * LOW HITPOINT WARNING * * *
You writhe in agony.
* * * LOW HITPOINT WARNING * * *
The iron dragon bites you.
* * * LOW HITPOINT WARNING * * *
The iron dragon claws you but does no damage.
The iron dragon misses you.
Your condenser vane has recharged.
Okay, then.
Okay, then.
Okay, then.
Okay, then.
Okay, then.
Unknown command.
The air fills with toxic fumes!
As you read the scroll of poison, it crumbles to dust.
The zombie hands constrict the fire giant.
The zombie hands constrict the floating eye!
You kill the floating eye!
Kikubaaqudgha accepts your kill.
You block the spriggan defender's attack.
Your death scarab bites the frost giant!!
Your death scarab drains the frost giant's vigour!
The frost giant seems to slow down.
Your death scarab draws strength from the frost giant's injuries!
You block the hell knight's attack. The frost giant barely misses you.
The frost giant hits your death scarab with a +0 battleaxe of freezing!!
The frost giant freezes your death scarab.
The fire giant hits you with a +1 great sword of flaming.
* * * LOW HITPOINT WARNING * * *
You block the spriggan defender's attack.
The iron dragon barely misses you. The iron dragon closely misses you. x2
A merfolk javelineer comes into view. It is wielding a +0 spear.
Unknown command.
Okay, then.
You feel better.
The zombie hands constrict the fire giant!
The hell knight hits you from afar with a +4 halberd of flaming.
* * * LOW HITPOINT WARNING * * *
Your death scarab bites the frost giant!
Your death scarab drains the frost giant's vigour!
The frost giant seems to slow down.
Your death scarab draws strength from the frost giant's injuries!
The spriggan defender hits you but does no damage.
You block the fire giant's attack. The frost giant barely misses you.
The frost giant hits your death scarab with a +0 battleaxe of freezing!!
The frost giant freezes your death scarab.
Your death scarab is destroyed!
The hell knight utters an invocation to its god.
The hell knight blinks!
The iron dragon breathes metal splinters at you.
The spray of metal splinters hits you.
* * * LOW HITPOINT WARNING * * *
You hear a shout!
You feel better.
The zombie hands constrict the fire giant!
The spriggan defender completely misses you.
The fire giant hits you with a +1 great sword of flaming!
* * * LOW HITPOINT WARNING * * *
The fire giant burns you.
* * * LOW HITPOINT WARNING * * *
The frost giant casts a spell at you. The bolt of cold misses you.
The spriggan defender misses you.
The frost giant points at you and mumbles some strange words.
The bolt of cold hits the frost giant.
The frost giant resists.
The bolt of cold misses you.
The merfolk javelineer is poisoned.
Okay, then.
Okay, then.
Okay, then.
Aiming: Dig
Press: ? - help, Shift-Dir - straight line A rock wall.
The rock shatters into small pieces.
The zombie hands constrict the fire giant!
You kill the fire giant!
Kikubaaqudgha accepts your kill.
The spriggan defender hits you with a +4 lajatang of pain.
* * * LOW HITPOINT WARNING * * *
You writhe in agony.
* * * LOW HITPOINT WARNING * * *
The frost giant gestures at you while chanting.
The bolt of cold misses you.
The frost giant is engulfed in poison gas.
The frost giant is poisoned.
The stone giant throws a large rock.
You block the large rock. The iron dragon bites you!
* * * LOW HITPOINT WARNING * * *
The iron dragon misses you.
The iron dragon tramples you but does no damage.
The merfolk javelineer is engulfed in poison gas.
The merfolk javelineer looks even sicker.
The merfolk javelineer barely misses you.
The spriggan defender hits you with a +4 lajatang of pain.
You die...
Kikubaaqudgha rasps: "You have failed me!
Welcome... oblivion!"

####### ∩.
§§§.. ##.⌠
.§§§. ....
p..p. ..+
##'#§## ..§#
##..#CC##.§#
#.C#C..#§DC.m§#


u..uC.i#Li8uC§+ ####D####..# #..'..D#>..'.§# #..#...#.C.#..# ##D.#..## ##'#i##
.B..V ...u.D ...##.. You could see an iron dragon (infested, catching breath), 3
frost giants, an ice dragon (infested), a stone giant, a lich (invisible), a
merfolk javelineer (very poisoned), a spriggan defender (infested), a cyan ugly
thing and a hell knight (fast, infested).

Vanquished Creatures
  Bai Suzhen (Vaults:2)
  Saint Roka (Vaults:4)
  The ghost of gabibbone the Slayer, an adept NaBr of Uskayaw (Vaults:2)
  A lich (Vaults:2)
  Donald (Spider:1)
  An emperor scorpion (Spider:3)
  2 frost giants
  4 vault wardens
  A fire giant (Depths:1)
  An orc warlord (Bailey)
  A caustic shrike skeleton (Depths:1)
  2 war gargoyles (Vaults:3)
  A stone giant (Depths:1)
  6 very ugly things
  An ironbound thunderhulk (Vaults:2)
  2 eleionomae
  6 ironbound preservers
  7 dire elephants
  2 bunyips (Swamp:2)
  2 blizzard demons (IceCv)
  A spark wasp (Spider:2)
  Josephine (D:12)
  2 fire dragons
  6 great orbs of eyes
  4 shambling mangroves
  A yaktaur captain (Vaults:2)
  A jiangshi (Vaults:2)
  3 entropy weavers
  5 vault guards
  An ice dragon (Lair:5)
  3 ogre magi
  A peacekeeper (Vaults:3)
  A rakshasa (Vaults:2)
  A catoblepas (Lair:5)
  A radroach (Spider:3)
  11 hydras
  2 jorogumos (Spider:4)
  2 ghost crabs
  5 boulder beetles
  2 ironbound frosthearts
  A death knight (D:14)
  6 two-headed ogres
  3 alligators
  12 centaur warriors
  3 tengu warriors
  4 death scarabs (Spider:4)
  A deep troll shaman (Depths:1)
  A spectral emperor scorpion (Spider:4)
  Amaemon (D:11)
  A titan skeleton (Depths:1)
  A pharaoh ant (Spider:1)
  A skeletal warrior (D:12)
  A goliath frog (Swamp:2)
  A steelbarb worm (Spider:2)
  A death drake (Swamp:2)
  A swamp dragon (shapeshifter) (D:14)
  2 orb spiders
  27 deep trolls
  2 bog bodies
  A glowing orange brain (Depths:1)
  8 ironbound convokers
  8 spriggan simulacra (IceCv)
  7 wizards
  3 deep elf pyromancers (D:12)
  A necromancer (Depths:1)
  A harpy (D:12)
  5 lindwurms
  2 orc sorcerers (Orc:2)
  19 ugly things
  7 wolf spiders
  7 manticores
  4 cyclopes
  3 black mambas
  A moth of wrath (Spider:4)
  9 vault sentinels
  Maggie (Lair:1)
  An orange demon (D:11)
  7 torpor snails
  4 molten gargoyles (D:11)
  4 unseen horrors
  4 rime drakes
  3 demonic crawlers (Spider:2)
  7 cane toads
  A spectral redback (Spider:4)
  An anaconda simulacrum (IceCv)
  A redback zombie (Spider:4)
  4 kobold demonologists
  An efreet (D:14)
  11 yaktaurs
  A golden dragon simulacrum (IceCv)
  6 komodo dragons
  8 ice devils (IceCv)
  3 tengu conjurers
  6 meliai
  10 trolls
  A spriggan skeleton (Depths:1)
  A queen bee (D:9)
  A polar bear (shapeshifter) (D:14)
  9 hornets
  3 spectral jumping spiders (Spider:4)
  18 tarantellas
  A culicivora zombie (Spider:4)
  Prince Ribbit (D:7)
  14 blink frogs
  3 slime creatures
  6 tyrant leeches
  6 culicivoras
  15 jumping spiders
  5 vampires
  A centaur simulacrum (D:14)
  7 wraiths
  3 spriggans
  4 dire elephant simulacra (IceCv)
  3 shadows
  3 wyverns
  3 steam dragons
  5 basilisks
  19 yaks
  6 minotaur simulacra (IceCv)
  26 redbacks
  A golden eye (shapeshifter) (D:14)
  14 vampire mosquitoes
  3 swamp worms
  2 harpy simulacra (IceCv)
  A warg (Vaults:4)
  Menkaure (D:5)
  11 water moccasins
  2 acid dragons
  A floating eye (Depths:1)
  2 hell hounds
  A hydra simulacrum (IceCv)
  14 orc warriors
  3 sky beasts
  2 swamp drakes
  2 alligator simulacra (IceCv)
  2 black bears
  8 boggarts
  9 ogres
  The ghost of Inkie2 the Vexing, an amateur DgEn (D:4)
  5 centaurs
  4 phantoms
  7 kobold brigands
  2 scorpions
  6 bullfrogs
  4 gnoll sergeants
  4 necrophages
  7 deep troll simulacra (IceCv)
  3 wights (D:9)
  2 lindwurm simulacra (IceCv)
  20 killer bees
  2 electric eels (Lair:2)
  5 howler monkeys
  5 hounds
  3 jellies (D:6)
  Crazy Yiuf (D:7)
  5 orc priests
  5 iguanas
  23 orc wizards
  Ijyb (D:3)
  26 gnolls
  An orc zombie (Bailey)
  8 adders
  An ufetubus (D:6)
  2 dart slugs
  38 orcs
  9 ball pythons
  8 bats
  2 bat zombies (D:3)
  6 endoplasms
  5 giant cockroaches
  7 hobgoblins
  5 jackals
  24 kobolds
  A quokka (D:3)
  10 goblins
  A kobold zombie (Bailey)
  5 rats
  A rat zombie (D:3)
856 creatures vanquished.

Vanquished Creatures (collateral kills)
  Xtahua (Vaults:2)
  A thorn hunter (Swamp:2)
  3 emperor scorpions (Spider:4)
  The ghost of Pol Tytu the Eternal Night, a journeyman TrFi of Dithmenos (Orc:2)
  A fenstrider witch (Swamp:2)
  The ghost of Figootz the Severer, a journeyman DDFi of Makhleb (D:15)
  An iron dragon (Vaults:3)
  5 vault wardens
  Aizul (Vaults:4)
  2 ghost moths
  9 ironbound preservers
  A broodmother (Spider:4)
  4 very ugly things
  5 ironbound thunderhulks
  2 eleionomae
  Azrael (Spider:1)
  22 slime creatures
  3 spark wasps (Spider:4)
  8 dire elephants
  5 bunyips
  A shambling mangrove (Swamp:2)
  2 great orbs of eyes
  4 yaktaur captains
  4 entropy weavers
  3 vault guards
  3 ironbound frosthearts
  A caustic shrike simulacrum (IceCv)
  A boulder beetle (Spider:4)
  4 jorogumos
  8 hydras
  Erica (Lair:1)
  A death knight (D:15)
  4 radroaches
  An ogre mage (Orc:2)
  8 alligators
  A catoblepas (D:15)
  4 centaur warriors
  A deep troll earth mage (D:15)
  A tengu warrior (D:15)
  3 death scarabs (Spider:4)
  A spectral emperor scorpion (Spider:4)
  Nergalle (D:12)
  5 pharaoh ants
  2 goliath frogs
  2 spriggan druids
  A glowing orange brain (Vaults:2)
  3 steelbarb worms
  12 swamp dragons
  3 orb spiders
  3 bog bodies
  2 spectral wolf spiders (Spider:4)
  2 wizards
  A necromancer (Vaults:2)
  31 deep trolls
  An obsidian statue (IceCv)
  4 ironbound convokers
  5 lindwurms
  15 wolf spiders
  A wolf spider zombie (Spider:2)
  A sphinx zombie (Depths:1)
  15 ugly things
  6 elephants (Lair:5)
  3 manticores
  6 orc sorcerers
  3 cyclopes
  5 will-o-the-wisps
  Joseph (D:7)
  3 moths of wrath (Spider:4)
  A torpor snail (Spider:4)
  7 vault sentinels
  A gargoyle (D:12)
  A black mamba (Lair:4)
  4 cane toads
  3 spectral redbacks (Spider:4)
  5 demonic crawlers
  2 komodo dragons (Lair:5)
  2 efreet
  2 freezing wraiths
  A kobold demonologist (D:14)
  A redback zombie (Spider:4)
  16 yaktaurs
  3 ice devils (IceCv)
  A troll (Orc:1)
  12 tyrant leeches
  A spectral tarantella (Spider:4)
  6 meliai
  A spectral jumping spider (Spider:4)
  A nameless horror (Orc:2)
  12 hornets
  A raiju (shapeshifter) (D:15)
  16 tarantellas
  10 blink frogs
  2 jumping spider zombies (Spider:4)
  11 culicivoras
  4 spriggans
  2 vampires
  16 jumping spiders
  A wyvern (Lair:5)
  A dire elephant simulacrum (IceCv)
  27 yaks
  A basilisk (Lair:5)
  A fire elemental (Spider:1)
  2 wraiths
  2 steam dragons
  5 vampire mosquitoes
  9 swamp worms
  A warg (Vaults:4)
  35 redbacks
  An acid dragon (Lair:5)
  2 water moccasins
  2 orc warriors
  A hell hound (Spider:1)
  7 swamp drakes
  4 ogres (Orc:2)
  A kobold brigand (D:14)
  3 bullfrogs
  2 vampire bats (Lair:2)
  2 howler monkeys
  An orc priest (Orc:2)
  A gnoll bouda (D:7)
  An iguana (Lair:5)
  4 orc wizards
  3 gnolls
  16 orcs
  A ball python (D:4)
  A giant cockroach (D:3)
  A goblin (D:2)
  6 hobgoblins
  2 bats (Lair:2)
  3 kobolds
  A rat (D:2)
567 creatures vanquished.

Vanquished Creatures (others)
  An orc high priest (D:12)
  A bunyip zombie (Swamp:2)
  An emperor scorpion zombie (Spider:3)
  A bog body (Swamp:1)
  2 goliath frog zombies
  2 wolf spider zombies
  3 ugly thing zombies
  2 death scarab zombies (Spider:4)
  A cyclops (D:12)
  10 centaur zombies
  Maurice (D:12)
  2 swamp worm zombies
  3 hydra zombies (Swamp:4)
  A tengu conjurer (D:15)
  A demonic crawler zombie (Spider:4)
  11 redback zombies
  2 bloated husks
  2 moth of wrath zombies (Spider:4)
  9 tarantella zombies (Spider:4)
  A great orb of eyes zombie (Vaults:2)
  5 culicivora zombies
  4 meliai zombies
  A jumping spider (shapeshifter) (D:7)
  A radroach zombie (Spider:4)
  A black mamba zombie (Lair:2)
  3 jumping spider zombies (Spider:4)
  2 slime creature zombies (D:12)
  A tyrant leech zombie (Swamp:4)
  A spriggan zombie (Swamp:4)
  2 cane toad zombies (Lair:5)
  10 deep troll zombies
  2 entropy weaver zombies
  A ghost crab zombie (Swamp:2)
  A hornet zombie (Swamp:1)
  An orc warrior (D:12)
  5 elephant zombies (Lair:5)
  An elf zombie (D:12)
  2 swamp dragon zombies (Swamp:4)
  12 human zombies
  3 manticore zombies (D:12)
  5 blink frog zombies (Lair:5)
  3 vampire mosquito zombies (Swamp:3)
  A yaktaur zombie (Vaults:4)
  2 wyvern zombies
  A komodo dragon zombie (D:12)
  A water moccasin zombie (Lair:5)
  A cyclops zombie (D:12)
  A hell hound zombie (Spider:1)
  A tengu zombie (D:12)
  2 troll zombies (D:12)
  14 yak zombies
  A howler monkey (D:12)
  2 bullfrog zombies (Lair:2)
  A basilisk zombie (D:12)
  A jelly (D:7)
  An acid dragon zombie (D:12)
  3 ogre zombies (D:10)
  3 howler monkey zombies (D:12)
  4 swamp drake zombies (Swamp:4)
  15 orc zombies
  2 orcs
  10 gnoll zombies
  A kobold (D:9)
  A quokka (D:7)
  A frilled lizard (D:12)
  A goblin zombie (Bailey)
  2 hobgoblin zombies (Bailey)
  10 kobold zombies
  16 foxfires
  25 fungi
  86 plants
334 creatures vanquished.

Grand Total: 1757 creatures vanquished

Notes
Turn   | Place    | Note
-------+----------+-------------------------------------------
     0 | D:1      | Flugkiller the Deep Elf Necromancer began the quest for the
                  | Orb.
     0 | D:1      | Reached XP level 1. HP: 10/10 MP: 6/6
    80 | D:1      | Reached skill level 5 in Necromancy
   314 | D:1      | Reached XP level 2. HP: 16/16 MP: 4/8
   330 | D:1      | Reached skill level 1 in Fighting
  1050 | D:2      | Reached XP level 3. HP: 20/20 MP: 2/9
  1347 | D:2      | Reached XP level 4. HP: 26/26 MP: 3/10
  1569 | D:3      | Reached skill level 6 in Necromancy
  1569 | D:3      | Reached skill level 1 in Evocations
  1646 | D:3      | Noticed a sky beast
  1698 | D:3      | Noticed Ijyb
  1703 | D:3      | Killed Ijyb
  1704 | D:3      | Reached XP level 5. HP: 30/30 MP: 5/11
  2009 | D:3      | Killed a sky beast
  2080 | D:3      | Learned a level 3 spell: Vampiric Draining
  2098 | D:3      | Noticed a black bear
  2110 | D:3      | Killed a black bear
  2111 | D:3      | Reached XP level 6. HP: 20/37 MP: 2/12
  2291 | D:3      | Found a faded altar of an unknown god.
  2522 | D:3      | Found an ancient bone altar of Kikubaaqudgha.
  2530 | D:3      | Became a worshipper of Kikubaaqudgha
  2665 | D:4      | Found a white marble altar of Elyvilon.
  2822 | D:4      | Reached XP level 7. HP: 40/43 MP: 4/14
  3203 | D:4      | Found a runed translucent door.
  3203 | D:4      | Noticed Inkie2's ghost (amateur DgEn)
  3551 | D:4      | Reached skill level 7 in Necromancy
  3566 | D:4      | Reached skill level 5 in Dodging
  3580 | D:4      | Learned a level 4 spell: Animate Dead
  3585 | D:4      | Learned a level 4 spell: Dispel Undead
  3606 | D:4      | Reached * piety under Kikubaaqudgha
  3606 | D:4      | Received a gift from Kikubaaqudgha
  3905 | D:4      | Killed Inkie2's ghost
  4024 | D:5      | Entered Level 5 of the Dungeon
  4025 | D:5      | Found a snail-covered altar of Cheibriados.
  4193 | D:5      | Reached XP level 8. HP: 42/48 MP: 15/16
  4316 | D:5      | Reached skill level 8 in Necromancy
  4774 | D:5      | Reached skill level 9 in Necromancy
  4856 | D:5      | Noticed Menkaure
  4862 | D:5      | Killed Menkaure
  4902 | D:5      | Reached skill level 10 in Necromancy
  5097 | D:6      | Reached ** piety under Kikubaaqudgha
  5125 | D:6      | Found a blossoming altar of Fedhas.
  5200 | D:6      | Reached skill level 11 in Necromancy
  5464 | D:6      | Found a shimmering altar of Xom.
  5635 | D:7      | Identified the +2 robe "Coemmeoz" {Harm rPois MP+9 Dex-4}
  5646 | D:7      | Found a transporter.
  5646 | D:7      | Found a transporter.
  5655 | D:7      | Noticed Prince Ribbit
  5663 | D:7      | Noticed a moth of wrath
  5669 | D:7      | Found a bloodstained altar of Trog.
  5678 | D:7      | Noticed a two-headed ogre
  5691 | D:7      | Reached XP level 9. HP: 52/52 MP: 17/17
  5706 | D:7      | Noticed Tenar's ghost (novice FoFi)
  5917 | D:7      | Found a staircase to the Ecumenical Temple.
  5998 | D:7      | Reached skill level 5 in Fighting
  6010 | D:7      | Killed Prince Ribbit
  6120 | D:7      | Found a runed translucent door.
  6121 | D:7      | Noticed Crazy Yiuf
  6214 | D:7      | Noticed Joseph
  6221 | D:7      | Your ally Prince Ribbit died
  6233 | D:7      | Killed Joseph
  6607 | D:8      | Identified the +3 war axe "Hell-Harrower" {vorpal, Str+3
                  | Dex+3 SInv}
  6656 | D:8      | Reached skill level 5 in Spellcasting
  6705 | D:8      | Found an iron altar of Okawaru.
  6873 | D:7      | Learned a level 5 spell: Agony
  6877 | D:7      | Killed Crazy Yiuf
  6950 | D:8      | Found a staircase to the Lair.
  7549 | D:8      | Reached XP level 10. HP: 27/60 MP: 24/24
  7707 | D:8      | Learned a level 6 spell: Death Channel
  8085 | D:9      | Found an ornate altar of the Wu Jian Council.
  8117 | D:9      | Found a flagged portal.
  8179 | Bailey   | Entered a bailey
  8191 | Bailey   | Noticed an orc warlord
  8241 | Bailey   | Found a runed translucent gate.
  8241 | Bailey   | Found a runed translucent gate.
  8241 | Bailey   | Found a runed translucent gate.
  8269 | Bailey   | Reached *** piety under Kikubaaqudgha
  8269 | Bailey   | Received a gift from Kikubaaqudgha
  8270 | Bailey   | Reached skill level 12 in Necromancy
  8402 | Bailey   | Gained mutation: Your body sometimes deteriorates upon
                  | taking damage. [potion of mutation]
  8402 | Bailey   | Gained mutation: You sometimes lose your temper in combat.
                  | [potion of mutation]
  8533 | Bailey   | Killed an orc warlord
  8626 | Bailey   | Identified the amulet "Noohyeso" {RegenMP rF- rN+ Dex+5
                  | Stlth+}
  8692 | D:9      | Noticed a two-headed ogre
  9176 | D:9      | Noticed a two-headed ogre
  9956 | D:9      | Reached skill level 10 in Spellcasting
  9960 | D:9      | Reached skill level 13 in Necromancy
  9978 | D:9      | Learned a level 5 spell: Borgnjor's Vile Clutch
 10103 | D:9      | Killed a two-headed ogre
 10104 | D:9      | Reached skill level 5 in Earth Magic
 10187 | D:9      | Killed a two-headed ogre
 10188 | D:9      | Reached XP level 11. HP: 64/64 MP: 23/27
 10205 | D:10     | Entered Level 10 of the Dungeon
 10235 | D:10     | Found Moowne's Antique Weapon Shop.
 10497 | D:10     | You fall into a shaft and drop 3 floors!
 10510 | D:13     | Noticed a white ugly thing
 10602 | D:12     | Noticed a boulder beetle
 10619 | D:12     | Killed a boulder beetle
 10836 | D:10     | Noticed a two-headed ogre
 10844 | D:10     | Killed a two-headed ogre
 10866 | D:10     | Reached skill level 5 in Evocations
 10938 | D:10     | Reached **** piety under Kikubaaqudgha
 11061 | D:10     | Found a staircase to the Orcish Mines.
 11106 | D:10     | Found a sparkling altar of Nemelex Xobeh.
 11106 | D:10     | Found a hide-covered altar of Uskayaw.
 11351 | D:11     | Lost mutation: You sometimes lose your temper in combat.
                  | [potion of mutation]
 11351 | D:11     | Lost mutation: Your body sometimes deteriorates upon taking
                  | damage. [potion of mutation]
 11351 | D:11     | Gained mutation: Your body sometimes deteriorates upon
                  | taking damage. [potion of mutation]
 11351 | D:11     | Gained mutation: Your flesh is cold resistant. (rC+)
                  | [potion of mutation]
 11563 | Lair:1   | Entered Level 1 of the Lair of Beasts
 11575 | Lair:1   | Reached skill level 10 in Dodging
 11705 | Lair:1   | Noticed Maggie
 11714 | Lair:1   | Noticed Erica
 11716 | Lair:1   | Killed Maggie
 11719 | Lair:1   | Killed Erica
 12059 | Lair:1   | Reached XP level 12. HP: 63/70 MP: 28/28
 12302 | Lair:2   | Reached skill level 1 in Armour
 12349 | Lair:2   | Found a hole to the Spider Nest.
 12546 | Lair:2   | Found a staircase to the Swamp.
 12602 | Lair:2   | Reached ***** piety under Kikubaaqudgha
 13190 | Lair:3   | Reached skill level 5 in Armour
 13903 | Lair:4   | Noticed a four-headed hydra
 13915 | Lair:4   | Killed a four-headed hydra
 13989 | Lair:4   | Reached skill level 14 in Necromancy
 14127 | Lair:4   | Reached skill level 15 in Necromancy
 14169 | Lair:4   | You fall into a shaft and drop 1 floor!
 14169 | Lair:5   | Entered Level 5 of the Lair of Beasts
 14309 | Lair:5   | Reached XP level 13. HP: 52/76 MP: 9/29
 14318 | Lair:5   | Reached skill level 16 in Necromancy
 14371 | Lair:5   | Reached skill level 17 in Necromancy
 14428 | Lair:5   | Found a runed translucent door.
 14536 | Lair:5   | Reached skill level 1 in Shields
 14577 | Lair:5   | Reached ****** piety under Kikubaaqudgha
 14824 | Lair:5   | Found a staircase to the Slime Pits.
 14839 | Lair:5   | Identified the +7 falchion "Coderouf" {freeze, rF++ rC+++
                  | Will- Int+2}
 15038 | Lair:5   | Reached skill level 5 in Shields
 15056 | Lair:5   | Noticed a fire dragon
 15067 | Lair:5   | Killed a fire dragon
 15068 | Lair:5   | Reached skill level 1 in Conjurations
 15119 | Lair:5   | Identified the +2 ring mail of Panud {rN+ Stlth+}
 15535 | D:10     | Bought a smoking falchion for 176 gold pieces
 15535 | D:10     | Identified the +7 falchion of Equilibrium {pain, rPois}
                  | (You bought it in a shop on level 10 of the Dungeon)
 15720 | Lair:4   | Received a gift from Kikubaaqudgha
 15721 | Lair:4   | Acquired a staff of death
 15723 | Lair:4   | Acquired 969 gold pieces
 15961 | Lair:4   | Reached skill level 1 in Summonings
 16438 | D:11     | Reached XP level 14. HP: 79/84 MP: 24/31
 16947 | D:11     | Noticed Amaemon
 16954 | D:11     | Killed Amaemon
 17321 | D:12     | Reached skill level 5 in Summonings
 17338 | D:12     | Noticed Maurice
 17343 | D:12     | Killed Maurice
 17354 | D:12     | Your ally Maurice died
 17379 | D:12     | Noticed Josephine
 17494 | D:12     | Killed Josephine
 17542 | D:12     | Noticed Nergalle
 17546 | D:12     | Killed Nergalle
 18734 | D:14     | Reached skill level 10 in Summonings
 18836 | D:14     | Reached XP level 15. HP: 88/88 MP: 22/35
 18858 | D:14     | Found a gate to the Vaults.
 18998 | D:14     | Found Racyeter's Assorted Antiques.
 19037 | D:14     | Identified the amulet "Taph" {RegenMP Will+}
 19479 | D:14     | Learned a level 7 spell: Haunt
 19494 | D:15     | Entered Level 15 of the Dungeon
 19787 | D:15     | Found a staircase to the Depths.
 19787 | D:15     | Noticed a frost giant
 19792 | D:15     | Killed a frost giant
 19872 | D:15     | Found Axzov's Weapon Boutique.
 20371 | D:15     | Found a runed translucent door.
 20374 | D:15     | Noticed Figootz's ghost (journeyman DDFi)
 20612 | D:15     | Killed Figootz's ghost
 20645 | D:15     | Got the Omnibus of Striking
 20780 | Orc:1    | Entered Level 1 of the Orcish Mines
 20902 | Orc:2    | Entered Level 2 of the Orcish Mines
 20988 | Orc:2    | Found a large runed translucent door.
 21013 | Orc:2    | Found a staircase to the Elven Halls.
 21051 | Orc:2    | Found a large runed translucent door.
 21058 | Orc:2    | Noticed Pol Tytu's ghost (journeyman TrFi)
 21651 | Orc:2    | Found Ubaphon's Jewellery Boutique.
 21708 | Orc:2    | Found a radiant altar of Vehumet.
 21840 | Orc:2    | Found an ancient bone altar of Kikubaaqudgha.
 21870 | Orc:2    | Found Kysaob's Distillery.
 21947 | Orc:2    | Found Baek Bui's Antique Armour Shop.
 21953 | Orc:2    | Found Kasaum's Book Shop.
 21974 | Orc:2    | Bought 2 potions of heal wounds for 150 gold pieces
 21974 | Orc:2    | Bought a potion of resistance for 150 gold pieces
 21974 | Orc:2    | Bought a potion of haste for 150 gold pieces
 22301 | Orc:2    | Killed Pol Tytu's ghost
 22302 | Orc:2    | Reached skill level 15 in Summonings
 22348 | Orc:2    | Upgraded the game from 0.30-a0-241-g1121274140 to
                  | 0.30-a0-242-g7bf8e6d787
 22511 | Swamp:1  | Entered Level 1 of the Swamp
 22712 | Swamp:1  | Reached XP level 16. HP: 93/93 MP: 23/36
 23746 | Swamp:2  | Reached skill level 5 in Conjurations
 23757 | Swamp:2  | Noticed a thorn hunter
 23764 | Swamp:2  | Killed a thorn hunter
 24516 | Swamp:3  | Acquired the +2 pair of gloves "Boeceut" {Harm rC+ Str+3}
 24522 | Swamp:3  | Acquired the +0 hat "Mynkyise" {-Tele Int+7}
 24876 | Swamp:4  | Entered Level 4 of the Swamp
 25079 | Swamp:4  | Reached skill level 10 in Conjurations
 25087 | Swamp:4  | Learned a level 7 spell: Spellforged Servitor
 25255 | Swamp:4  | Found a frozen archway.
 25265 | IceCv    | Entered an ice cave
 25289 | IceCv    | Reached XP level 17. HP: 86/97 MP: 8/37
 26506 | Swamp:4  | Got a decaying rune of Zot
 26861 | Spider:1 | Entered Level 1 of the Spider Nest
 26943 | Spider:1 | Noticed Azrael
 26947 | Spider:1 | Noticed Donald
 26957 | Spider:1 | Killed Azrael
 26962 | Spider:1 | Killed Donald
 27361 | Spider:1 | Reached skill level 10 in Fighting
 27726 | Spider:2 | Got the Quarto of the Mutable Mountains
 28549 | Spider:3 | Got the Monograph on the Ashen Assassin
 29410 | Spider:3 | Reached skill level 15 in Spellcasting
 29670 | Spider:4 | Entered Level 4 of the Spider Nest
 29731 | Spider:4 | Reached XP level 18. HP: 99/109 MP: 19/39
 29784 | Spider:4 | Reached skill level 1 in Transmutations
 29832 | Spider:4 | HP: 1/110 [spark wasp (13)]
 30379 | Spider:4 | Reached skill level 5 in Transmutations
 30859 | Spider:4 | Learned a level 6 spell: Statue Form
 30921 | Spider:4 | Reached skill level 18 in Necromancy
 30921 | Spider:4 | Reached XP level 19. HP: 105/114 MP: 29/42
 30940 | Spider:4 | Got a gossamer rune of Zot
 31406 | Vaults:1 | Entered Level 1 of the Vaults
 31564 | Vaults:1 | Reached skill level 19 in Necromancy
 32230 | Vaults:1 | Reached skill level 20 in Necromancy
 32697 | Vaults:1 | Reached XP level 20. HP: 98/120 MP: 11/43
 32806 | Vaults:2 | Found a runed translucent gate.
 32806 | Vaults:2 | Found a runed translucent gate.
 32806 | Vaults:2 | Found a runed translucent gate.
 32811 | Vaults:2 | Noticed gabibbone's ghost (adept NaBr)
 32887 | Vaults:2 | Noticed Bai Suzhen
 32915 | Vaults:2 | Killed Bai Suzhen
 32991 | Vaults:2 | Noticed Xtahua
 33003 | Vaults:2 | Killed Xtahua
 33258 | Vaults:2 | Found a staircase to the Crypt.
 34037 | Vaults:2 | Identified the ring "Wokinod" {rPois rF+ Will+}
 34742 | Vaults:2 | Killed gabibbone's ghost
 34903 | Vaults:2 | Identified the +1 cloak "Renown" {Harm Dex-4 SInv}
 35025 | Vaults:3 | Identified the +0 triple crossbow of Peril {venom, rC++
                  | Dex+2}
 35954 | Vaults:3 | Found Huoragaxt's General Store.
 36001 | Vaults:4 | Reached XP level 21. HP: 133/133 MP: 22/44
 36018 | Vaults:4 | Reached skill level 15 in Fighting
 36027 | Vaults:4 | Learned a level 8 spell: Infestation
 36199 | Vaults:4 | Noticed Aizul
 36206 | Vaults:4 | Killed Aizul
 36618 | Vaults:4 | Reached skill level 10 in Evocations
 36883 | Vaults:4 | Noticed Saint Roka
 36898 | Vaults:4 | Killed Saint Roka
 37092 | Vaults:4 | Reached skill level 21 in Necromancy
 37571 | Depths:1 | Entered Level 1 of the Depths
 37603 | Depths:1 | Noticed a golden dragon
 37623 | Depths:1 | Found a gateway to Hell.
 37623 | Depths:1 | HP: 2/174 [iron dragon (9)]
 37623 | Depths:1 | Slain by a spriggan defender

Illustrated notes

Levels and vault maps discovered:
D:1:      dpeg_arrival_snail, layout_loops_corners
D:2:      layout_rooms
D:3:      minmay_general_purpose_star, layout_basic,
          lemuel_zombie_altar_kikubaaqudgha,
          hellmonk_ecumenical_altar_defaced_shrine, uniq_ijyb
D:4:      layout_basic, elyvilon_altar_5, gammafunk_ghost_grave,
          enter_ossuary_1, saegor_snake_ambush
D:5:      layout_basic, mainiacjoe_overflow_tiny_flanked, uniq_menkaure
D:6:      layout_rooms, mainiacjoe_overflow_surrounded_room,
          lemuel_doored_altar, serial_corexii_hall, corexii_hall_statues_i,
          corexii_hall_statues_s, serial_bayou_pond_d
D:7:      layout_basic, minmay_temple_entry_waves,
          gammafunk_ghost_wrathful_warriors, supply_closet_lemuel,
          kennysheep_generic_room_2, uniq_crazy_yiuf_cottage, uniq_joseph,
          uniq_prince_ribbit1
D:8:      layout_layer_cave, okawaru_ov_weapons_minmay, lair_entry_dummy
D:9:      minmay_angry_zag, layout_basic, nzn_wu_jian_council_hall,
          enter_bailey_3, minivault_7
D:10:     layout_basic, gammafunk_temple_overflow_wave,
          kennysheep_orc_monster_closet_entryway, serial_shops, shop
D:11:     layout_roguey, minivault_8, uniq_amaemon
D:12:     minmay_the_grid_square_5x5_4x4_mashed
          [minmay_the_grid_square_5x5_n_small,
          minmay_the_grid_square_5x5_three_walls,
          minmay_the_grid_square_5x5_hourglass,
          minmay_the_grid_square_5x5_tetrominoes, minmay_the_grid_square_5x5_c,
          minmay_the_grid_square_5x5_prize_deathbox,
          minmay_the_grid_square_5x5_prize_itemx,
          minmay_the_grid_square_5x5_two_walls_b,
          minmay_the_grid_square_5x5_inset,
          minmay_the_grid_square_5x5_prize_snowflake,
          minmay_the_grid_square_5x5_prize_rear_guard,
          minmay_the_grid_square_5x5_tie, minmay_the_grid_square_5x5_v,
          minmay_the_grid_square_5x5_eight, minmay_the_grid_square_5x5_forky,
          minmay_the_grid_square_5x5_gyroscope], layout_loops_cross,
          minmay_fractal_squares_gapless_7, uniq_erolcha, uniq_josephine,
          uniq_maurice, uniq_nergalle
D:13:     layout_irregular_city
D:14:     layout_roguey, lightli_vaults_fourway_checkpoint, serial_shops,
          nicolae_shop_overgrown_old_shop, minmay_increasing_density
D:15:     grunt_enter_depths_snipers, layout_basic, ebering_ghost_inner_flame,
          serial_shops, nicolae_shop_statue_plus, nrook_mini_backslash
Lair:1:   layout_hall_layers, minivault_24, minivault_11, uniq_erica,
          uniq_maggie
Lair:2:   layout_regular_city, swamp_mist, nicolae_spider_entry_orb_guardian,
          roderic_batcave, nicolae_quartered_pool_impasse, serial_bayou_pond_a,
          chequers_serial_rivers_micro_e, st_stairs_11, serial_bayou_lake_a
Lair:3:   layout_cave_pods
Lair:4:   layout_gridlike, grunt_megastairs_5
Lair:5:   wormcave, layout_loops_ring, guppyfry_lair_end_dragon, slime_entry_1
Swamp:1:  layout_basic_swamp, nicolae_swamp_ascending_descending,
          infiniplex_staircase_pool_2
Swamp:2:  nzn_winding_woodlands_small [nzn_winding_woodlands_5x15_parted,
          nzn_winding_woodlands_center_triple_pond,
          nzn_winding_woodlands_5x15_twine], layout_basic_swamp,
          evilmike_swamp_ruin_wall, swamp_pool3
Swamp:3:  layout_basic_swamp, evilmike_swamp_ruin_rubble_1, swamp_pool2
Swamp:4:  swamp, layout_basic_swamp, portal_ice_cave_entry_pillars_three
Spider:1: layout_spider_delve, drop_trap, uniq_azrael, uniq_donald
Spider:2: layout_spider_delve
Spider:3: layout_chambers, hive_lemuel
Spider:4: floodkiller_spider_rune_tomb, nicolae_spider_some_kinda_spiderbox
Orc:1:    layout_caves, serial_shops, nicolae_diamond_shop, special_room
          [special_room_kobold]
Orc:2:    kennysheep_orc_mage_school, layout_diamond_mine,
          ebering_ghost_disaster_area, abandoned_shop, mines2_lemuel
Vaults:1: vaults_room_fours, grunt_vaults_focal, vaults_standard_mumra_lines,
          v_misc_26, vaults_room_large_hall, v_misc_17, vaults_room_fours,
          v_alt_pattern_2, vaults_dpeg_diagonal, v_misc_26,
          ontoclasm_vaults_pinch, layout_vaults_big_room
Vaults:2: gammafunk_ghost_tricky_traps, v_alt_pattern_6,
          nicolae_vaults_circle_grid_b, hangedman_vaults_corner,
          hangedman_vaults_capsules, minmay_crypt_entry_simple_box,
          nicolae_vaults_know_your_exits, nicolae_vaults_rhombus_6,
          layout_vaults_omnigrid, uniq_margery, uniq_bai_suzhen, uniq_xtahua
Vaults:3: nicolae_vaults_mini_display_case, vaults_room_large_hall, v_rooms_5,
          vaults_dpeg_emergency_exit, v_pattern_4, vaults_room_corners,
          nicolae_vaults_border_crossing, vaults_dpeg_cross,
          nicolae_vaults_yaktaur_gun_rack, vaults_dpeg_hooks,
          layout_vaults_maze_bifur, serial_shops, nicolae_shop_hallway_plus
Vaults:4: ontoclasm_vaults_chip, ontoclasm_vaults_tryst, v_alt_pattern_6,
          grunt_vaults_trifunnel, v_rooms_3, v_misc_25, vaults_mumra_minichess,
          grunt_vaults_diagonal, v_misc_10, v_misc_19,
          nicolae_vaults_little_squares_6, nicolae_vaults_little_squares_2,
          vaults_room_stairs_pillars, nicolae_vaults_little_squares_4,
          vaults_room_hallway, layout_vaults_big_cross, serial_shops,
          statue_bzr, uniq_aizul, uniq_saint_roka
Depths:1: layout_basic, infiniplex_enter_wizlab_water, minmay_fountain_box,
          serial_shops, bzr_entry_water, hell_entry, abyss_entry, special_room
          [special_room_morgue], minmay_holes, minmay_misc_feat_enclosed,
          evilmike_ambush [evilmike_ambush_outer_doors,
          evilmike_ambush_inner_cross], uniq_enchantress, uniq_mara

Skill      XL: |  1  2  3  4  5  6  7  8  9 10 11 12 13 14 15 16 17 18 19 20 21 |
---------------+----------------------------------------------------------------+-----
Necromancy     | 5 6 7 11 13 15 17 18 20 21 | 21.8
Stealth        | 3 |  3.0
Fighting       | 1 2 3 4 6 7 8 11 14 15 | 15.0
Dodging        | 3 6 8 11 13 | 13.0
Evocations     | 2 3 6 8 10 | 10.0
Spellcasting   | 4 8 10 11 14 15 17 | 17.0
Earth Magic    | 6 9 |  9.0
Armour         | 5 |  5.0
Shields        | 5 |  5.0
Conjurations   | 2 12 13 | 13.0
Summonings     | 2 10 16 17 | 17.0
Transmutations | 8 |  8.0
Long Blades    | |  0.5

Action                   |  1- 3 |  4- 6 |  7- 9 | 10-12 | 13-15 | 16-18 | 19-21 || total
-------------------------+-------+-------+-------+-------+-------+-------+-------++-------
Melee: Short sword       |     3 |    32 |    42 |       |       |       |       ||    77
       Punch             |       |     1 |     2 |     2 |     2 |       |       ||     7
       Spear             |       |       |    56 |   178 |    40 |       |       ||   274
       Falchion          |       |       |       |       |   227 |   135 |    88 ||   450
       Staff             |       |       |       |       |     2 |       |       ||     2
 Cast: Necrotise         |    58 |    74 |   234 |    84 |     1 |       |       ||   451
       Vampiric Draining |       |     2 |    11 |    56 |       |       |       ||    69
       Dispel Undead     |       |       |    14 |     5 |    11 |     9 |    10 ||    49
       Animate Dead      |       |       |     3 |    15 |    10 |    15 |     7 ||    50
       Agony             |       |       |     2 |     6 |    23 |       |       ||    31
       Borgnjor's Vile C |       |       |       |    79 |   178 |   277 |   199 ||   733
       Death Channel     |       |       |       |    12 |    13 |    21 |    10 ||    56
       Haunt             |       |       |       |       |    57 |   117 |    79 ||   253
       Statue Form       |       |       |       |       |       |     1 |    13 ||    14
       Infestation       |       |       |       |       |       |       |    12 ||    12
Invok: Unearth Wretches  |       |       |     2 |     3 |     2 |       |       ||     7
       Receive Forbidden |       |       |       |       |     1 |       |       ||     1
       Torment           |       |       |       |       |       |       |     1 ||     1
 Abil: End Transformatio |       |       |       |       |       |       |     1 ||     1
Evoke: Wand              |       |     5 |     3 |     1 |       |     1 |     2 ||    12
       Lightning rod     |       |       |       |       |     4 |     2 |       ||     6
       Tin of tremorston |       |       |       |       |     1 |     1 |     4 ||     6
       Condenser vane    |       |       |       |       |       |     1 |     2 ||     3
  Use: Scroll            |       |     2 |    10 |    19 |     3 |     7 |     2 ||    43
       Potion            |       |       |     4 |     9 |     2 |     5 |    14 ||    34
 Stab: Distracted        |       |       |     1 |     7 |     8 |     3 |     2 ||    21
       Paralysed         |       |       |       |     3 |       |       |       ||     3
       Sleeping          |       |       |       |     4 |     2 |       |       ||     6
Armor: Robe              |     9 |    30 |    27 |    39 |       |       |       ||   105
       Acid dragon scale |       |       |       |    33 |   213 |   152 |    69 ||   467
       Skin              |       |       |       |       |       |    68 |   113 ||   181
Dodge: Dodged            |    11 |    61 |   136 |   283 |   419 |   355 |   302 ||  1567
Block: Other             |       |    23 |    45 |    34 |       |       |       ||   102
       Reflection        |       |       |       |     1 |       |       |       ||     1
       Buckler           |       |       |       |       |   160 |   165 |   152 ||   477

Table legend: (Time is in decaauts)
 A = Elapsed time spent in this place.
 B = Non-inter-level travel time spent in this place.
 C = Inter-level travel time spent in this place.
 D = Time resting spent in this place.
 E = Time spent auto-exploring this place.
 F = Levels seen in this place.
 G = Mean time per level.
                   A        B        C        D        E       F      G
               +--------+--------+--------+--------+--------+-----+--------+
         Total |  38592 |  36011 |   2581 |   7039 |  18752 |  37 | 1043.0 |
       Dungeon |  16118 |  14715 |   1403 |   2968 |   7953 |  15 | 1074.5 |
          Lair |   5077 |   4582 |    495 |    219 |   2885 |   5 | 1015.4 |
         Swamp |   3402 |   3223 |    179 |    815 |   1464 |   4 |  850.5 |
   Spider Nest |   4219 |   3985 |    234 |    758 |   1810 |   4 | 1054.8 |
  Orcish Mines |   1625 |   1558 |     67 |    167 |   1053 |   2 |  812.5 |
        Vaults |   6387 |   6187 |    200 |   1477 |   3199 |   4 | 1596.8 |
        Depths |     70 |     70 |      0 |      0 |      0 |   1 |   70.0 |
        Bailey |    473 |    473 |      0 |     73 |     71 |   1 |  473.0 |
      Ice Cave |   1218 |   1218 |      0 |    561 |    315 |   1 | 1218.0 |
               +--------+--------+--------+--------+--------+-----+--------+

Top non-repeatable levels by time:
Vaults:2: 2172 daAuts
     D:8: 1805 daAuts
Vaults:1: 1632 daAuts
     D:9: 1608 daAuts
   Orc:2: 1489 daAuts
Spider:3: 1460 daAuts
Vaults:4: 1434 daAuts
     D:3: 1346 daAuts
Spider:4: 1326 daAuts
  Lair:5: 1311 daAuts
 Swamp:2: 1258 daAuts
    D:15: 1221 daAuts
   IceCv: 1218 daAuts
    D:10: 1213 daAuts
     D:4: 1160 daAuts
